[ AOE2 MATCH · #485382198 ]
UnrankedGurjaras vs Tatars
[ REPLAY ANALYSIS · EXTRACTED FROM THE RECORDED GAME ]
Feudal
13:46
Castle
17:26
Imperial
38:17
| APM avg | 52.8 |
| APM peak | 119 |
| eAPM avg | 36.5 |
| Villagers / military | 327 / 198 |
Focus
⚔️ 36.3% · 🌾 63.7%
Camel Scout ×109 · Scout Cavalry ×63 · Hand Cannoneer ×14 · Mangonel ×4 · Trebuchet (Packed) ×3 · Monk ×2
Feudal
12:38
Castle
16:53
Imperial
—
| APM avg | 56.6 |
| APM peak | 98 |
| eAPM avg | 35.0 |
| Villagers / military | 197 / 226 |
Focus
⚔️ 37.2% · 🌾 62.8%
Keshik ×108 · Spearman ×91 · Battering Ram ×25 · Mangonel ×2
Feudal
11:38
Castle
33:07
Imperial
—
| APM avg | 40.3 |
| APM peak | 82 |
| eAPM avg | 28.3 |
| Villagers / military | 255 / 10 |
Focus
⚔️ 20.2% · 🌾 79.8%
Archer ×10
Feudal
13:46
Castle
16:57
Imperial
46:24
| APM avg | 66.7 |
| APM peak | 110 |
| eAPM avg | 29.3 |
| Villagers / military | 189 / 89 |
Focus
⚔️ 32.6% · 🌾 67.4%
Cavalry Archer ×60 · Camel Scout ×27 · Spearman ×2
Feudal
13:33
Castle
18:55
Imperial
47:12
| APM avg | 32.0 |
| APM peak | 58 |
| eAPM avg | 19.6 |
| Villagers / military | 119 / 90 |
Focus
⚔️ 35.8% · 🌾 64.2%
Ratha (Ranged) ×83 · Trebuchet (Packed) ×4 · Spearman ×3
Feudal
10:58
Castle
44:55
Imperial
—
| APM avg | 45.2 |
| APM peak | 74 |
| eAPM avg | 19.8 |
| Villagers / military | 101 / 70 |
Focus
⚔️ 31.0% · 🌾 69.0%
Scout Cavalry ×34 · Skirmisher ×30 · Cavalry Archer ×6
Feudal
14:17
Castle
27:35
Imperial
47:37
| APM avg | 31.6 |
| APM peak | 66 |
| eAPM avg | 19.0 |
| Villagers / military | 138 / 27 |
Focus
⚔️ 26.3% · 🌾 73.7%
Knight ×18 · Spearman ×9
Feudal
10:41
Castle
25:37
Imperial
47:58
| APM avg | 72.4 |
| APM peak | 118 |
| eAPM avg | 44.1 |
| Villagers / military | 212 / 40 |
Focus
⚔️ 59.0% · 🌾 41.0%
Unknown (1908) ×103 · Scout Cavalry ×27 · Unknown (1911) ×13 · Iron Pagoda ×9 · Cavalry Archer ×4
Match map
Initial resources + every placement click. Lines = walls · curves = elevation contours. ◆ gold · ⬟ stone · ● berries · ✦ relic · ◌ wall gap
Your base· Open — unwalled flank
TL_Bad Koala's base· Open — 9t gap
TAG_Sitaux's base· Open — unwalled flank
3046964519's base· Open — 14t gap
_EMA_002's base· Open — 8t gap
Guiik's base· Open — opponent sealed themselves in
酒酿樱桃子's base· Open — unwalled flank
Shulk's base· ✓ Closed at 25:37 · 64t walls · 1 gate(s)
Smoothed initial terrain · ◌ = detected wall gap · hover for details
Inputs per minute
— Tointoin - - TL_Bad Koala
Build order — Tointoin
First 150 of 801 actions detected
| 0:05 | Build | Town Center |
| 2:12 | Build | House |
| 2:22 | Create | Villager (Male) |
| 2:23 | Create | Villager (Male) |
| 2:23 | Create | Villager (Male) |
| 2:48 | Research | Loom |
| 2:50 | Create | Villager (Male) |
| 2:50 | Create | Villager (Male) |
| 2:50 | Create | Villager (Male) |
| 2:50 | Create | Villager (Male) |
| 3:16 | Create | Villager (Male) |
| 3:16 | Create | Villager (Male) |
| 4:11 | Build | Lumber Camp |
| 4:41 | Create | Villager (Male) |
| 4:42 | Create | Villager (Male) |
| 4:42 | Create | Villager (Male) |
| 4:58 | Build | House |
| 5:37 | Create | Villager (Male) |
| 5:38 | Create | Villager (Male) |
| 5:38 | Create | Villager (Male) |
| 5:38 | Create | Villager (Male) |
| 6:34 | Create | Villager (Male) |
| 6:34 | Create | Villager (Male) |
| 6:54 | Create | Villager (Male) |
| 6:54 | Create | Villager (Male) |
| 7:03 | Build | Mill |
| 7:23 | Build | House |
| 7:29 | Create | Villager (Male) |
| 7:30 | Create | Villager (Male) |
| 8:41 | Create | Villager (Male) |
| 8:41 | Create | Villager (Male) |
| 8:48 | Build | House |
| 9:21 | Create | Villager (Male) |
| 9:54 | Create | Villager (Male) |
| 9:54 | Create | Villager (Male) |
| 9:59 | Build | Mining Camp |
| 10:04 | Build | House |
| 10:07 | Build | Palisade Wall |
| 10:36 | Create | Villager (Male) |
| 10:36 | Create | Villager (Male) |
| 11:00 | Create | Villager (Male) |
| 11:00 | Research | Feudal Age |
| 11:22 | Create | Villager (Male) |
| 11:22 | Create | Villager (Male) |
| 11:41 | Build | Barracks |
| 12:12 | Build | Palisade Wall |
| 12:14 | Build | Palisade Wall |
| 12:52 | Build | House |
| 13:46 | Age | Feudal Age |
| 13:49 | Build | Market |
| 13:53 | Build | Blacksmith |
| 14:04 | Research | Double-Bit Axe |
| 14:05 | Research | Double-Bit Axe |
| 14:31 | Build | House |
| 14:46 | Research | Castle Age |
| 15:18 | Build | Mill |
| 15:20 | Create | Spearman |
| 15:57 | Create | Villager (Male) |
| 15:58 | Create | Villager (Male) |
| 17:26 | Age | Castle Age |
| 17:28 | Build | Town Center |
| 17:36 | Build | Town Center |
| 17:37 | Research | Bow Saw |
| 17:37 | Research | Bow Saw |
| 17:54 | Build | Monastery |
| 17:56 | Create | Villager (Male) |
| 17:56 | Create | Villager (Male) |
| 18:08 | Create | Villager (Male) |
| 18:13 | Build | House |
| 18:14 | Build | House |
| 18:28 | Research | Horse Collar |
| 18:29 | Research | Horse Collar |
| 18:30 | Create | Villager (Male) |
| 18:31 | Create | Villager (Male) |
| 18:31 | Create | Villager (Male) |
| 18:31 | Create | Villager (Male) |
| 18:31 | Create | Villager (Male) |
| 18:49 | Create | Monk |
| 18:54 | Create | Villager (Male) |
| 18:54 | Create | Villager (Male) |
| 19:16 | Create | Villager (Male) |
| 19:17 | Create | Villager (Male) |
| 19:17 | Create | Villager (Male) |
| 19:22 | Create | Villager (Male) |
| 19:22 | Create | Villager (Male) |
| 19:32 | Research | Heavy Plow |
| 19:33 | Research | Heavy Plow |
| 19:35 | Build | Farm |
| 19:37 | Build | Farm |
| 19:38 | Build | Farm |
| 19:39 | Build | Farm |
| 19:45 | Create | Villager (Male) |
| 19:45 | Create | Villager (Male) |
| 19:49 | Create | Villager (Male) |
| 19:49 | Create | Villager (Male) |
| 19:52 | Build | Farm |
| 19:54 | Build | Farm |
| 19:55 | Build | Farm |
| 19:55 | Build | Farm |
| 19:57 | Build | Farm |
| 19:59 | Create | Villager (Male) |
| 19:59 | Create | Villager (Male) |
| 20:04 | Create | Monk |
| 20:25 | Create | Villager (Male) |
| 20:25 | Create | Villager (Male) |
| 20:31 | Build | Farm |
| 20:31 | Build | Farm |
| 20:31 | Build | Farm |
| 20:31 | Build | Farm |
| 20:32 | Build | Farm |
| 20:37 | Create | Villager (Male) |
| 20:37 | Create | Villager (Male) |
| 20:46 | Create | Villager (Male) |
| 20:46 | Create | Villager (Male) |
| 20:49 | Build | Outpost |
| 20:56 | Create | Villager (Male) |
| 20:56 | Create | Villager (Male) |
| 21:05 | Create | Villager (Male) |
| 21:10 | Build | Stable |
| 21:13 | Create | Villager (Male) |
| 21:14 | Create | Villager (Male) |
| 21:19 | Create | Villager (Male) |
| 21:25 | Build | Farm |
| 21:27 | Build | Farm |
| 21:30 | Create | Villager (Male) |
| 21:30 | Create | Villager (Male) |
| 21:37 | Create | Villager (Male) |
| 21:37 | Create | Villager (Male) |
| 21:46 | Create | Villager (Male) |
| 21:47 | Create | Villager (Male) |
| 21:48 | Create | Villager (Male) |
| 22:00 | Build | Farm |
| 22:01 | Build | Farm |
| 22:02 | Build | Farm |
| 22:05 | Create | Villager (Male) |
| 22:06 | Create | Villager (Male) |
| 22:06 | Create | Villager (Male) |
| 22:15 | Create | Villager (Male) |
| 22:15 | Create | Villager (Male) |
| 22:17 | Build | Farm |
| 22:30 | Create | Villager (Male) |
| 22:30 | Create | Villager (Male) |
| 22:30 | Create | Villager (Male) |
| 22:35 | Create | Camel Scout |
| 22:35 | Create | Camel Scout |
| 22:37 | Build | Stable |
| 22:40 | Create | Villager (Male) |
| 22:40 | Create | Villager (Male) |
| 22:43 | Build | House |
| 22:43 | Build | House |
Build order — TL_Bad Koala
First 150 of 622 actions detected
| 0:10 | Build | Town Center |
| 2:32 | Create | Villager (Male) |
| 2:33 | Create | Villager (Male) |
| 2:33 | Create | Villager (Male) |
| 2:38 | Build | House |
| 2:52 | Create | Villager (Male) |
| 2:53 | Create | Villager (Male) |
| 3:24 | Create | Villager (Male) |
| 3:24 | Create | Villager (Male) |
| 3:45 | Build | House |
| 4:04 | Create | Villager (Male) |
| 4:04 | Create | Villager (Male) |
| 4:11 | Build | Lumber Camp |
| 4:14 | Build | Lumber Camp |
| 4:31 | Create | Villager (Male) |
| 4:31 | Create | Villager (Male) |
| 4:39 | Build | House |
| 4:40 | Build | House |
| 4:51 | Create | Villager (Male) |
| 5:37 | Create | Villager (Male) |
| 5:37 | Create | Villager (Male) |
| 5:45 | Build | House |
| 5:59 | Build | House |
| 6:10 | Create | Villager (Male) |
| 6:10 | Create | Villager (Male) |
| 6:27 | Create | Villager (Male) |
| 6:27 | Create | Villager (Male) |
| 6:58 | Create | Villager (Male) |
| 6:58 | Create | Villager (Male) |
| 6:59 | Create | Villager (Male) |
| 7:23 | Create | Villager (Male) |
| 7:23 | Create | Villager (Male) |
| 7:35 | Build | House |
| 7:40 | Build | Palisade Wall |
| 8:09 | Build | Mill |
| 8:10 | Create | Villager (Male) |
| 8:11 | Create | Villager (Male) |
| 8:11 | Create | Villager (Male) |
| 8:11 | Create | Villager (Male) |
| 8:24 | Create | Villager (Male) |
| 8:54 | Create | Villager (Male) |
| 8:54 | Create | Villager (Male) |
| 9:14 | Create | Villager (Male) |
| 9:21 | Build | House |
| 9:40 | Research | Loom |
| 9:43 | Build | Palisade Wall |
| 9:57 | Build | Palisade Wall |
| 10:01 | Build | Palisade Wall |
| 10:02 | Build | Palisade Wall |
| 10:04 | Build | Palisade Wall |
| 10:18 | Research | Feudal Age |
| 10:52 | Build | House |
| 11:08 | Build | House |
| 11:49 | Build | Palisade Wall |
| 11:54 | Build | Palisade Wall |
| 12:30 | Build | Palisade Wall |
| 12:32 | Build | Palisade Wall |
| 12:38 | Age | Feudal Age |
| 12:52 | Build | Market |
| 12:58 | Build | Market |
| 12:59 | Create | Villager (Male) |
| 13:13 | Build | House |
| 13:26 | Build | Blacksmith |
| 13:43 | Build | Gate |
| 14:08 | Create | Villager (Male) |
| 14:13 | Research | Castle Age |
| 14:13 | Research | Castle Age |
| 14:41 | Build | Watch Tower |
| 15:14 | Build | House |
| 15:35 | Research | Scale Barding Armor |
| 15:36 | Research | Forging |
| 16:22 | Create | Villager (Male) |
| 16:23 | Research | Double-Bit Axe |
| 16:23 | Research | Double-Bit Axe |
| 16:53 | Age | Castle Age |
| 16:55 | Build | Town Center |
| 17:01 | Build | Castle |
| 17:09 | Build | House |
| 17:16 | Build | Palisade Wall |
| 17:27 | Create | Villager (Male) |
| 17:34 | Create | Villager (Male) |
| 17:55 | Create | Villager (Male) |
| 18:05 | Create | Villager (Male) |
| 18:07 | Create | Villager (Male) |
| 18:07 | Create | Villager (Male) |
| 18:08 | Create | Villager (Male) |
| 18:32 | Create | Keshik |
| 18:32 | Create | Keshik |
| 18:32 | Create | Keshik |
| 18:37 | Create | Keshik |
| 18:43 | Create | Villager (Male) |
| 18:55 | Create | Keshik |
| 19:01 | Create | Villager (Male) |
| 19:04 | Research | Horse Collar |
| 19:04 | Research | Horse Collar |
| 19:07 | Build | Farm |
| 19:07 | Build | Farm |
| 19:09 | Build | Farm |
| 19:10 | Build | Farm |
| 19:27 | Create | Villager (Male) |
| 19:27 | Create | Villager (Male) |
| 19:29 | Build | Siege Workshop |
| 19:58 | Create | Villager (Male) |
| 19:58 | Create | Keshik |
| 20:18 | Create | Battering Ram |
| 20:20 | Build | Farm |
| 20:22 | Create | Villager (Male) |
| 20:22 | Create | Villager (Male) |
| 20:33 | Create | Keshik |
| 20:33 | Create | Keshik |
| 20:42 | Create | Villager (Male) |
| 20:42 | Create | Villager (Male) |
| 20:43 | Create | Villager (Male) |
| 20:43 | Create | Villager (Male) |
| 20:47 | Create | Battering Ram |
| 20:47 | Create | Battering Ram |
| 20:55 | Create | Keshik |
| 20:55 | Create | Keshik |
| 20:59 | Create | Villager (Male) |
| 20:59 | Create | Villager (Male) |
| 21:04 | Create | Villager (Male) |
| 21:04 | Create | Villager (Male) |
| 21:14 | Create | Keshik |
| 21:14 | Create | Keshik |
| 21:39 | Create | Keshik |
| 21:39 | Create | Keshik |
| 21:39 | Create | Keshik |
| 21:44 | Create | Battering Ram |
| 21:44 | Create | Battering Ram |
| 21:57 | Create | Villager (Male) |
| 21:57 | Create | Villager (Male) |
| 21:57 | Create | Villager (Male) |
| 22:06 | Create | Keshik |
| 22:06 | Create | Keshik |
| 22:20 | Create | Keshik |
| 22:52 | Create | Villager (Male) |
| 22:52 | Create | Villager (Male) |
| 22:53 | Build | Farm |
| 22:54 | Build | Farm |
| 22:55 | Build | Farm |
| 22:58 | Build | House |
| 23:20 | Create | Villager (Male) |
| 23:20 | Create | Villager (Male) |
| 23:24 | Build | House |
| 23:25 | Build | House |
| 23:25 | Build | House |
| 23:25 | Build | House |
| 23:25 | Build | House |
| 23:27 | Build | Farm |
| 23:28 | Build | Farm |
Build order — TAG_Sitaux
First 150 of 524 actions detected
| 0:35 | Build | Town Center |
| 1:59 | Build | Palisade Wall |
| 2:08 | Build | Palisade Wall |
| 2:08 | Build | Palisade Wall |
| 2:11 | Build | Palisade Wall |
| 2:12 | Build | Palisade Wall |
| 2:44 | Create | Villager (Male) |
| 2:44 | Create | Villager (Male) |
| 2:54 | Create | Villager (Male) |
| 2:54 | Create | Villager (Male) |
| 2:54 | Create | Villager (Male) |
| 3:00 | Build | House |
| 3:57 | Build | Lumber Camp |
| 4:12 | Build | House |
| 4:14 | Create | Villager (Male) |
| 4:14 | Create | Villager (Male) |
| 4:37 | Create | Villager (Male) |
| 4:37 | Create | Villager (Male) |
| 4:56 | Build | House |
| 4:59 | Create | Villager (Male) |
| 4:59 | Create | Villager (Male) |
| 5:16 | Create | Villager (Male) |
| 5:29 | Build | Palisade Wall |
| 5:56 | Create | Villager (Male) |
| 5:57 | Create | Villager (Male) |
| 6:27 | Create | Villager (Male) |
| 6:29 | Build | Palisade Wall |
| 6:53 | Create | Villager (Male) |
| 7:08 | Build | Mill |
| 7:11 | Create | Villager (Male) |
| 7:32 | Create | Villager (Male) |
| 8:07 | Research | Loom |
| 8:07 | Research | Loom |
| 8:26 | Create | Villager (Male) |
| 9:03 | Create | Villager (Male) |
| 9:09 | Build | House |
| 9:28 | Research | Feudal Age |
| 9:28 | Research | Feudal Age |
| 10:13 | Build | Mining Camp |
| 10:59 | Create | Villager (Male) |
| 11:00 | Create | Villager (Male) |
| 11:38 | Age | Feudal Age |
| 11:40 | Build | Watch Tower |
| 11:42 | Build | Archery Range |
| 11:44 | Research | Double-Bit Axe |
| 11:44 | Research | Double-Bit Axe |
| 11:45 | Create | Villager (Male) |
| 12:11 | Build | House |
| 12:25 | Create | Archer |
| 12:27 | Create | Villager (Male) |
| 12:43 | Create | Archer |
| 12:46 | Create | Villager (Male) |
| 12:56 | Build | Mining Camp |
| 13:02 | Create | Archer |
| 13:15 | Create | Villager (Male) |
| 13:41 | Create | Archer |
| 13:51 | Create | Villager (Male) |
| 13:55 | Build | Blacksmith |
| 14:01 | Create | Archer |
| 14:12 | Build | House |
| 14:27 | Build | House |
| 14:31 | Build | Palisade Wall |
| 14:31 | Build | Palisade Wall |
| 14:40 | Research | Fletching |
| 14:40 | Research | Fletching |
| 14:58 | Build | Farm |
| 15:14 | Create | Villager (Male) |
| 15:14 | Create | Villager (Male) |
| 15:23 | Create | Archer |
| 15:25 | Build | Palisade Wall |
| 15:26 | Build | Palisade Wall |
| 15:30 | Create | Villager (Male) |
| 15:30 | Create | Villager (Male) |
| 15:36 | Build | Outpost |
| 15:41 | Build | Farm |
| 15:45 | Build | House |
| 15:49 | Build | House |
| 15:49 | Build | Palisade Wall |
| 15:50 | Build | Palisade Wall |
| 15:52 | Build | Palisade Wall |
| 15:53 | Build | Palisade Wall |
| 15:58 | Create | Villager (Male) |
| 16:29 | Create | Villager (Male) |
| 16:36 | Build | Watch Tower |
| 16:38 | Create | Archer |
| 16:46 | Create | Villager (Male) |
| 17:11 | Build | Farm |
| 17:12 | Build | Farm |
| 17:13 | Build | Farm |
| 17:25 | Create | Villager (Male) |
| 17:28 | Create | Archer |
| 17:36 | Build | House |
| 17:38 | Build | Palisade Wall |
| 17:43 | Build | Palisade Wall |
| 17:47 | Build | House |
| 17:49 | Build | Palisade Wall |
| 17:58 | Create | Villager (Male) |
| 18:02 | Build | House |
| 18:03 | Build | Palisade Wall |
| 18:10 | Build | House |
| 18:13 | Create | Villager (Male) |
| 18:18 | Build | Farm |
| 18:19 | Build | Farm |
| 18:22 | Build | Farm |
| 18:35 | Create | Villager (Male) |
| 18:43 | Build | House |
| 18:44 | Build | Palisade Wall |
| 18:48 | Build | House |
| 18:48 | Build | Palisade Wall |
| 19:04 | Create | Villager (Male) |
| 19:05 | Build | Outpost |
| 19:12 | Create | Archer |
| 19:16 | Build | Outpost |
| 19:20 | Create | Villager (Male) |
| 19:22 | Build | House |
| 19:27 | Build | Stone Wall |
| 19:35 | Create | Villager (Male) |
| 19:56 | Create | Archer |
| 19:57 | Create | Villager (Male) |
| 19:59 | Build | Farm |
| 20:06 | Build | Farm |
| 20:16 | Build | Stone Wall |
| 20:20 | Build | Stone Wall |
| 20:20 | Build | Stone Wall |
| 20:25 | Build | Stone Wall |
| 20:26 | Build | Stone Wall |
| 20:28 | Create | Villager (Male) |
| 20:32 | Build | Stone Wall |
| 20:37 | Build | Farm |
| 20:39 | Build | Farm |
| 20:53 | Build | Watch Tower |
| 21:01 | Build | House |
| 21:03 | Build | House |
| 21:11 | Create | Villager (Male) |
| 21:42 | Create | Villager (Male) |
| 21:59 | Build | Barracks |
| 22:13 | Create | Villager (Male) |
| 22:33 | Build | House |
| 22:40 | Create | Villager (Male) |
| 22:41 | Build | House |
| 22:48 | Build | Stone Wall |
| 22:50 | Build | House |
| 24:03 | Build | Stone Wall |
| 25:58 | Build | Town Center |
| 26:07 | Build | Outpost |
| 26:07 | Build | Outpost |
| 26:09 | Build | Outpost |
| 26:34 | Create | Villager (Male) |
| 26:34 | Create | Villager (Male) |
| 26:50 | Create | Villager (Male) |
Build order — 3046964519
First 150 of 499 actions detected
| 0:21 | Build | Town Center |
| 2:35 | Create | Villager (Male) |
| 2:35 | Create | Villager (Male) |
| 2:35 | Create | Villager (Male) |
| 2:36 | Create | Villager (Male) |
| 2:36 | Create | Villager (Male) |
| 2:36 | Create | Villager (Male) |
| 2:37 | Build | House |
| 3:32 | Create | Villager (Male) |
| 3:54 | Build | Lumber Camp |
| 4:07 | Create | Villager (Male) |
| 4:35 | Create | Villager (Male) |
| 4:40 | Build | House |
| 4:42 | Create | Villager (Male) |
| 5:11 | Create | Villager (Male) |
| 5:11 | Create | Villager (Male) |
| 6:04 | Build | House |
| 6:20 | Create | Villager (Male) |
| 6:20 | Create | Villager (Male) |
| 6:23 | Build | House |
| 6:40 | Create | Villager (Male) |
| 6:40 | Create | Villager (Male) |
| 7:00 | Create | Villager (Male) |
| 7:37 | Create | Villager (Male) |
| 7:44 | Create | Villager (Male) |
| 7:45 | Build | House |
| 7:56 | Build | House |
| 7:57 | Create | Villager (Male) |
| 8:01 | Build | House |
| 8:45 | Create | Villager (Male) |
| 8:45 | Create | Villager (Male) |
| 9:17 | Create | Villager (Male) |
| 9:29 | Build | House |
| 9:43 | Create | Villager (Male) |
| 9:57 | Build | Mill |
| 10:34 | Build | House |
| 10:53 | Build | House |
| 10:55 | Research | Loom |
| 11:01 | Build | House |
| 11:14 | Research | Feudal Age |
| 11:14 | Research | Feudal Age |
| 11:55 | Build | Mining Camp |
| 12:09 | Build | Barracks |
| 12:17 | Create | Villager (Male) |
| 12:17 | Create | Villager (Male) |
| 13:38 | Build | Palisade Wall |
| 13:41 | Build | Palisade Wall |
| 13:43 | Build | Palisade Wall |
| 13:46 | Age | Feudal Age |
| 13:49 | Build | Archery Range |
| 13:51 | Build | Blacksmith |
| 14:07 | Research | Double-Bit Axe |
| 14:07 | Research | Double-Bit Axe |
| 14:09 | Create | Spearman |
| 14:30 | Research | Castle Age |
| 14:31 | Research | Castle Age |
| 14:52 | Research | Gold Mining |
| 15:10 | Create | Villager (Male) |
| 15:10 | Create | Villager (Male) |
| 15:33 | Research | Fletching |
| 15:33 | Research | Fletching |
| 15:36 | Build | Palisade Wall |
| 15:37 | Build | Palisade Wall |
| 15:39 | Build | Palisade Wall |
| 15:42 | Build | Palisade Wall |
| 15:58 | Create | Spearman |
| 16:18 | Create | Villager (Male) |
| 16:24 | Build | House |
| 16:57 | Age | Castle Age |
| 17:00 | Create | Cavalry Archer |
| 17:03 | Research | Bodkin Arrow |
| 17:03 | Research | Bodkin Arrow |
| 17:06 | Research | Bow Saw |
| 17:07 | Research | Bow Saw |
| 17:07 | Research | Bow Saw |
| 17:09 | Create | Villager (Male) |
| 17:21 | Create | Cavalry Archer |
| 17:32 | Create | Villager (Male) |
| 17:41 | Build | Town Center |
| 18:09 | Create | Cavalry Archer |
| 18:20 | Create | Villager (Male) |
| 18:27 | Build | House |
| 18:49 | Create | Cavalry Archer |
| 19:25 | Create | Villager (Male) |
| 19:25 | Create | Villager (Male) |
| 19:25 | Create | Villager (Male) |
| 19:43 | Create | Cavalry Archer |
| 19:45 | Build | Archery Range |
| 19:48 | Create | Cavalry Archer |
| 19:50 | Create | Villager (Male) |
| 19:50 | Create | Villager (Male) |
| 19:51 | Create | Villager (Male) |
| 20:02 | Create | Cavalry Archer |
| 20:03 | Build | House |
| 20:06 | Create | Villager (Male) |
| 20:14 | Create | Cavalry Archer |
| 20:27 | Create | Villager (Male) |
| 20:28 | Create | Villager (Male) |
| 20:38 | Create | Cavalry Archer |
| 20:38 | Create | Cavalry Archer |
| 20:38 | Create | Cavalry Archer |
| 20:56 | Create | Villager (Male) |
| 21:10 | Create | Cavalry Archer |
| 21:11 | Create | Cavalry Archer |
| 21:29 | Create | Cavalry Archer |
| 21:34 | Create | Villager (Male) |
| 21:34 | Create | Villager (Male) |
| 22:02 | Create | Cavalry Archer |
| 22:02 | Create | Cavalry Archer |
| 22:27 | Create | Villager (Male) |
| 22:35 | Build | Stable |
| 22:36 | Create | Cavalry Archer |
| 22:36 | Create | Cavalry Archer |
| 22:50 | Create | Cavalry Archer |
| 23:23 | Create | Villager (Male) |
| 23:25 | Create | Cavalry Archer |
| 23:26 | Create | Cavalry Archer |
| 23:54 | Research | Husbandry |
| 23:58 | Create | Cavalry Archer |
| 23:59 | Create | Cavalry Archer |
| 23:59 | Create | Cavalry Archer |
| 23:59 | Create | Cavalry Archer |
| 24:07 | Build | Farm |
| 24:50 | Create | Villager (Male) |
| 24:50 | Create | Villager (Male) |
| 24:50 | Create | Villager (Male) |
| 25:09 | Build | House |
| 25:31 | Build | House |
| 25:34 | Build | University |
| 25:40 | Create | Villager (Male) |
| 25:40 | Create | Villager (Male) |
| 25:40 | Create | Villager (Male) |
| 26:21 | Research | Bloodlines |
| 26:21 | Research | Bloodlines |
| 26:22 | Create | Cavalry Archer |
| 26:22 | Create | Cavalry Archer |
| 26:28 | Research | Ballistics |
| 26:29 | Research | Ballistics |
| 26:53 | Create | Villager (Male) |
| 26:53 | Create | Villager (Male) |
| 26:55 | Create | Cavalry Archer |
| 26:56 | Create | Cavalry Archer |
| 26:56 | Create | Cavalry Archer |
| 27:00 | Create | Villager (Male) |
| 28:06 | Create | Villager (Male) |
| 28:06 | Create | Villager (Male) |
| 28:08 | Create | Cavalry Archer |
| 28:09 | Create | Cavalry Archer |
| 28:09 | Create | Cavalry Archer |
| 28:09 | Create | Cavalry Archer |
Build order — _EMA_002
First 150 of 368 actions detected
| 0:26 | Build | Town Center |
| 2:11 | Build | House |
| 2:48 | Create | Villager (Male) |
| 2:48 | Create | Villager (Male) |
| 2:48 | Create | Villager (Male) |
| 2:49 | Create | Villager (Male) |
| 2:49 | Create | Villager (Male) |
| 4:08 | Create | Villager (Male) |
| 4:08 | Create | Villager (Male) |
| 4:34 | Build | House |
| 5:01 | Create | Villager (Male) |
| 5:02 | Create | Villager (Male) |
| 5:05 | Build | House |
| 5:22 | Create | Villager (Male) |
| 5:22 | Create | Villager (Male) |
| 5:27 | Build | Lumber Camp |
| 5:53 | Create | Villager (Male) |
| 6:45 | Create | Villager (Male) |
| 6:58 | Create | Villager (Male) |
| 7:26 | Build | Mill |
| 7:33 | Create | Villager (Male) |
| 7:45 | Create | Villager (Male) |
| 7:57 | Create | Villager (Male) |
| 8:19 | Build | House |
| 8:29 | Create | Villager (Male) |
| 8:55 | Build | House |
| 9:36 | Create | Villager (Male) |
| 9:40 | Create | Villager (Male) |
| 9:41 | Create | Villager (Male) |
| 10:26 | Create | Villager (Male) |
| 11:03 | Build | Barracks |
| 11:12 | Build | House |
| 11:23 | Research | Feudal Age |
| 11:25 | Build | Mining Camp |
| 11:52 | Build | Palisade Wall |
| 11:54 | Build | Palisade Wall |
| 11:56 | Build | Palisade Wall |
| 12:29 | Build | Palisade Wall |
| 12:55 | Create | Villager (Male) |
| 12:55 | Create | Villager (Male) |
| 13:33 | Age | Feudal Age |
| 13:35 | Build | Market |
| 13:38 | Research | Loom |
| 13:40 | Build | Palisade Wall |
| 13:41 | Build | Palisade Wall |
| 13:48 | Build | Palisade Wall |
| 13:52 | Build | Palisade Wall |
| 13:54 | Build | Palisade Wall |
| 13:55 | Build | Palisade Wall |
| 13:56 | Build | Palisade Wall |
| 14:08 | Create | Villager (Male) |
| 14:25 | Build | Stone Wall |
| 14:46 | Build | Gate |
| 14:51 | Create | Villager (Male) |
| 14:53 | Build | Stone Wall |
| 15:10 | Build | Barracks |
| 15:22 | Build | Blacksmith |
| 15:25 | Create | Villager (Male) |
| 15:32 | Build | Palisade Wall |
| 15:33 | Build | Palisade Wall |
| 15:34 | Build | Palisade Wall |
| 15:39 | Build | Palisade Wall |
| 15:40 | Build | Palisade Wall |
| 15:50 | Create | Spearman |
| 16:15 | Research | Castle Age |
| 16:22 | Create | Spearman |
| 16:27 | Build | Palisade Wall |
| 16:29 | Build | Palisade Wall |
| 16:31 | Build | Palisade Wall |
| 16:32 | Build | Palisade Wall |
| 16:37 | Build | Palisade Wall |
| 16:38 | Build | Palisade Wall |
| 16:40 | Build | Palisade Wall |
| 16:42 | Build | Palisade Wall |
| 16:46 | Build | Palisade Wall |
| 16:47 | Build | Palisade Wall |
| 16:51 | Build | Farm |
| 16:59 | Create | Villager (Male) |
| 17:04 | Build | Palisade Wall |
| 17:16 | Create | Spearman |
| 17:35 | Build | Palisade Wall |
| 17:55 | Build | House |
| 18:25 | Build | Stone Wall |
| 18:32 | Build | Stone Wall |
| 18:35 | Build | Stone Wall |
| 18:36 | Build | Stone Wall |
| 18:55 | Age | Castle Age |
| 19:08 | Build | Castle |
| 19:15 | Build | House |
| 19:17 | Build | House |
| 19:24 | Build | House |
| 19:26 | Build | Palisade Wall |
| 19:35 | Create | Villager (Male) |
| 19:56 | Build | Palisade Gate |
| 20:13 | Create | Ratha (Ranged) |
| 20:18 | Build | Mining Camp |
| 20:27 | Build | Farm |
| 20:36 | Create | Ratha (Ranged) |
| 20:36 | Create | Ratha (Ranged) |
| 20:46 | Build | House |
| 20:48 | Build | Palisade Wall |
| 20:51 | Build | Palisade Wall |
| 20:54 | Create | Ratha (Ranged) |
| 21:12 | Create | Ratha (Ranged) |
| 21:32 | Create | Ratha (Ranged) |
| 22:11 | Create | Villager (Male) |
| 22:12 | Create | Villager (Male) |
| 22:42 | Create | Villager (Male) |
| 22:42 | Create | Villager (Male) |
| 23:06 | Create | Villager (Male) |
| 23:06 | Create | Villager (Male) |
| 23:47 | Create | Ratha (Ranged) |
| 23:47 | Create | Ratha (Ranged) |
| 23:48 | Create | Ratha (Ranged) |
| 23:48 | Create | Ratha (Ranged) |
| 24:10 | Build | Town Center |
| 24:42 | Create | Ratha (Ranged) |
| 24:49 | Create | Villager (Male) |
| 24:57 | Create | Ratha (Ranged) |
| 25:23 | Create | Ratha (Ranged) |
| 25:35 | Research | Double-Bit Axe |
| 26:17 | Create | Ratha (Ranged) |
| 26:17 | Create | Ratha (Ranged) |
| 26:43 | Create | Ratha (Ranged) |
| 26:43 | Create | Ratha (Ranged) |
| 26:44 | Create | Villager (Male) |
| 26:45 | Create | Villager (Male) |
| 27:20 | Create | Ratha (Ranged) |
| 27:23 | Create | Villager (Male) |
| 27:47 | Create | Ratha (Ranged) |
| 27:48 | Create | Villager (Male) |
| 28:10 | Research | Fletching |
| 28:21 | Create | Villager (Male) |
| 28:28 | Build | Mill |
| 28:51 | Create | Villager (Male) |
| 28:52 | Create | Villager (Male) |
| 28:54 | Build | Farm |
| 28:56 | Build | Farm |
| 28:57 | Build | Farm |
| 28:58 | Build | Farm |
| 28:59 | Build | Farm |
| 29:08 | Create | Villager (Male) |
| 29:08 | Create | Villager (Male) |
| 29:21 | Create | Villager (Male) |
| 29:22 | Create | Ratha (Ranged) |
| 29:23 | Create | Ratha (Ranged) |
| 29:24 | Create | Ratha (Ranged) |
| 29:34 | Build | Mining Camp |
| 29:51 | Create | Villager (Male) |
| 29:53 | Build | Farm |
Build order — Guiik
First 150 of 309 actions detected
| 0:10 | Build | House |
| 0:40 | Build | Town Center |
| 2:58 | Create | Villager (Male) |
| 2:58 | Create | Villager (Male) |
| 2:58 | Create | Villager (Male) |
| 2:58 | Create | Villager (Male) |
| 3:49 | Create | Villager (Male) |
| 4:20 | Build | Palisade Wall |
| 4:24 | Build | House |
| 4:34 | Create | Villager (Male) |
| 4:41 | Build | House |
| 5:06 | Create | Villager (Male) |
| 5:06 | Create | Villager (Male) |
| 5:11 | Create | Villager (Male) |
| 5:50 | Build | Mill |
| 5:57 | Create | Villager (Male) |
| 6:00 | Build | House |
| 6:14 | Build | House |
| 6:25 | Create | Villager (Male) |
| 6:26 | Create | Villager (Male) |
| 6:35 | Build | House |
| 6:57 | Create | Villager (Male) |
| 7:21 | Create | Villager (Male) |
| 7:50 | Create | Villager (Male) |
| 8:36 | Research | Feudal Age |
| 9:20 | Create | Villager (Male) |
| 9:21 | Research | Loom |
| 10:09 | Build | Barracks |
| 10:46 | Build | House |
| 10:58 | Age | Feudal Age |
| 11:07 | Build | Stable |
| 11:08 | Create | Villager (Male) |
| 11:18 | Research | Gold Mining |
| 11:21 | Research | Double-Bit Axe |
| 11:34 | Create | Villager (Male) |
| 11:57 | Create | Villager (Male) |
| 12:00 | Create | Scout Cavalry |
| 12:00 | Create | Scout Cavalry |
| 12:09 | Build | Mill |
| 12:21 | Create | Villager (Male) |
| 12:38 | Create | Scout Cavalry |
| 12:39 | Create | Villager (Male) |
| 12:46 | Build | Mill |
| 13:06 | Build | House |
| 13:09 | Create | Scout Cavalry |
| 13:12 | Research | Loom |
| 13:12 | Create | Villager (Male) |
| 13:37 | Create | Villager (Male) |
| 13:59 | Create | Villager (Male) |
| 14:13 | Build | House |
| 14:15 | Build | Farm |
| 14:16 | Build | Farm |
| 14:17 | Build | Farm |
| 14:17 | Build | Farm |
| 14:19 | Build | Farm |
| 14:29 | Create | Scout Cavalry |
| 14:30 | Create | Villager (Male) |
| 14:33 | Build | Farm |
| 14:33 | Build | Farm |
| 14:34 | Build | Farm |
| 14:55 | Build | House |
| 14:57 | Create | Villager (Male) |
| 15:08 | Create | Villager (Male) |
| 15:12 | Research | Horse Collar |
| 15:20 | Create | Scout Cavalry |
| 15:20 | Create | Scout Cavalry |
| 15:45 | Create | Villager (Male) |
| 15:53 | Build | Farm |
| 16:08 | Create | Villager (Male) |
| 16:13 | Create | Scout Cavalry |
| 16:34 | Build | Farm |
| 16:35 | Build | Farm |
| 16:37 | Build | House |
| 16:39 | Create | Villager (Male) |
| 16:47 | Build | Farm |
| 16:48 | Build | Farm |
| 16:53 | Create | Scout Cavalry |
| 16:54 | Create | Scout Cavalry |
| 17:16 | Create | Villager (Male) |
| 17:32 | Create | Villager (Male) |
| 17:53 | Build | Blacksmith |
| 17:59 | Create | Scout Cavalry |
| 17:59 | Create | Scout Cavalry |
| 18:03 | Create | Villager (Male) |
| 18:21 | Build | House |
| 18:25 | Create | Villager (Male) |
| 18:36 | Research | Scale Barding Armor |
| 18:36 | Research | Scale Barding Armor |
| 18:46 | Create | Scout Cavalry |
| 18:47 | Create | Villager (Male) |
| 18:50 | Build | Mule Cart |
| 19:13 | Create | Villager (Male) |
| 19:30 | Build | House |
| 19:30 | Build | House |
| 19:36 | Create | Scout Cavalry |
| 19:38 | Create | Scout Cavalry |
| 19:43 | Research | Forging |
| 19:43 | Create | Scout Cavalry |
| 19:43 | Create | Scout Cavalry |
| 19:44 | Build | House |
| 19:45 | Build | House |
| 19:47 | Create | Villager (Male) |
| 20:34 | Create | Villager (Male) |
| 20:35 | Create | Scout Cavalry |
| 20:35 | Create | Scout Cavalry |
| 20:54 | Build | Market |
| 21:00 | Build | Mule Cart |
| 21:10 | Create | Scout Cavalry |
| 21:11 | Create | Scout Cavalry |
| 21:32 | Build | House |
| 21:36 | Research | Bloodlines |
| 21:36 | Research | Bloodlines |
| 21:48 | Create | Villager (Male) |
| 21:48 | Create | Villager (Male) |
| 21:50 | Build | Farm |
| 21:51 | Build | Farm |
| 21:57 | Create | Scout Cavalry |
| 22:19 | Create | Scout Cavalry |
| 22:47 | Create | Scout Cavalry |
| 22:47 | Create | Scout Cavalry |
| 22:51 | Build | House |
| 22:52 | Build | House |
| 22:55 | Build | Palisade Wall |
| 23:00 | Build | House |
| 23:04 | Create | Scout Cavalry |
| 23:06 | Build | House |
| 23:12 | Build | House |
| 23:14 | Build | House |
| 23:34 | Create | Villager (Male) |
| 23:51 | Create | Scout Cavalry |
| 23:52 | Create | Scout Cavalry |
| 24:09 | Build | Farm |
| 24:10 | Build | Farm |
| 24:15 | Create | Scout Cavalry |
| 24:38 | Build | Stable |
| 24:39 | Create | Villager (Male) |
| 24:40 | Create | Villager (Male) |
| 25:08 | Create | Villager (Male) |
| 25:21 | Build | Mule Cart |
| 25:24 | Create | Scout Cavalry |
| 25:24 | Create | Scout Cavalry |
| 25:25 | Create | Scout Cavalry |
| 25:49 | Build | Mule Cart |
| 25:55 | Create | Scout Cavalry |
| 25:55 | Create | Scout Cavalry |
| 25:57 | Create | Villager (Male) |
| 25:57 | Create | Villager (Male) |
| 27:21 | Build | Mule Cart |
| 28:15 | Create | Villager (Male) |
| 28:15 | Create | Villager (Male) |
Build order — 酒酿樱桃子
First 150 of 318 actions detected
| 0:44 | Build | Town Center |
| 2:35 | Build | House |
| 3:08 | Create | Villager (Male) |
| 3:08 | Create | Villager (Male) |
| 3:08 | Create | Villager (Male) |
| 3:08 | Create | Villager (Male) |
| 3:09 | Create | Villager (Male) |
| 3:12 | Build | House |
| 4:10 | Create | Villager (Male) |
| 4:11 | Create | Villager (Male) |
| 4:41 | Create | Villager (Male) |
| 4:50 | Research | Loom |
| 4:50 | Create | Villager (Male) |
| 4:50 | Create | Villager (Male) |
| 5:24 | Create | Villager (Male) |
| 5:24 | Create | Villager (Male) |
| 6:08 | Build | Lumber Camp |
| 6:41 | Create | Villager (Male) |
| 6:41 | Create | Villager (Male) |
| 7:24 | Create | Villager (Male) |
| 7:24 | Create | Villager (Male) |
| 7:25 | Create | Villager (Male) |
| 7:27 | Create | Villager (Male) |
| 7:27 | Create | Villager (Male) |
| 7:28 | Create | Villager (Male) |
| 7:31 | Build | House |
| 7:32 | Build | House |
| 7:42 | Create | Villager (Male) |
| 8:19 | Create | Villager (Male) |
| 8:37 | Build | House |
| 8:48 | Create | Villager (Male) |
| 9:42 | Build | Mill |
| 10:23 | Build | Palisade Wall |
| 10:23 | Create | Villager (Male) |
| 10:23 | Create | Villager (Male) |
| 10:24 | Create | Villager (Male) |
| 10:53 | Build | Mining Camp |
| 11:10 | Create | Villager (Male) |
| 11:36 | Create | Villager (Male) |
| 12:07 | Research | Feudal Age |
| 14:05 | Create | Villager (Male) |
| 14:06 | Create | Villager (Male) |
| 14:17 | Age | Feudal Age |
| 14:20 | Build | Market |
| 14:42 | Research | Town Watch |
| 15:27 | Build | House |
| 15:29 | Build | House |
| 15:33 | Create | Villager (Male) |
| 15:34 | Create | Villager (Male) |
| 15:35 | Create | Villager (Male) |
| 15:48 | Create | Villager (Male) |
| 16:30 | Build | Stone Wall |
| 16:36 | Build | House |
| 16:42 | Build | Stone Wall |
| 16:57 | Create | Villager (Male) |
| 16:57 | Create | Villager (Male) |
| 16:58 | Create | Villager (Male) |
| 16:58 | Create | Villager (Male) |
| 16:58 | Create | Villager (Male) |
| 18:02 | Build | Mining Camp |
| 18:49 | Build | House |
| 18:54 | Build | Stone Wall |
| 18:56 | Create | Villager (Male) |
| 18:57 | Create | Villager (Male) |
| 19:08 | Build | Stone Wall |
| 19:37 | Build | Stone Wall |
| 20:12 | Create | Villager (Male) |
| 20:13 | Create | Villager (Male) |
| 20:14 | Build | Farm |
| 20:16 | Build | Farm |
| 20:17 | Build | Farm |
| 20:50 | Build | Stone Wall |
| 21:00 | Build | Farm |
| 21:01 | Build | Farm |
| 21:02 | Build | Farm |
| 21:04 | Build | Farm |
| 21:05 | Build | Farm |
| 21:07 | Create | Villager (Male) |
| 21:08 | Create | Villager (Male) |
| 21:44 | Create | Villager (Male) |
| 21:54 | Create | Villager (Male) |
| 22:35 | Build | Farm |
| 22:36 | Build | Farm |
| 22:37 | Build | Farm |
| 22:47 | Create | Villager (Male) |
| 23:13 | Build | Blacksmith |
| 23:25 | Build | Farm |
| 23:35 | Create | Villager (Male) |
| 23:35 | Create | Villager (Male) |
| 23:40 | Research | Wheelbarrow |
| 23:47 | Build | Farm |
| 23:48 | Build | Farm |
| 24:01 | Build | Stone Wall |
| 24:08 | Build | Farm |
| 24:15 | Build | Farm |
| 24:26 | Research | Castle Age |
| 24:27 | Research | Castle Age |
| 25:00 | Research | Horse Collar |
| 25:37 | Build | House |
| 25:41 | Create | Villager (Male) |
| 25:42 | Create | Villager (Male) |
| 26:36 | Build | Stone Wall |
| 27:35 | Age | Castle Age |
| 27:38 | Build | Town Center |
| 27:45 | Build | Town Center |
| 28:17 | Build | Mill |
| 28:37 | Build | University |
| 28:45 | Create | Villager (Male) |
| 28:45 | Create | Villager (Male) |
| 28:45 | Create | Villager (Male) |
| 28:46 | Create | Villager (Male) |
| 28:57 | Create | Villager (Male) |
| 28:58 | Create | Villager (Male) |
| 28:58 | Create | Villager (Male) |
| 29:03 | Create | Villager (Male) |
| 29:04 | Create | Villager (Male) |
| 29:06 | Research | Hand Cart |
| 29:07 | Research | Town Patrol |
| 29:11 | Create | Villager (Male) |
| 29:11 | Create | Villager (Male) |
| 29:11 | Create | Villager (Male) |
| 29:23 | Build | Farm |
| 29:33 | Create | Villager (Male) |
| 29:33 | Create | Villager (Male) |
| 29:34 | Create | Villager (Male) |
| 29:48 | Research | Fortified Wall (upgrade) |
| 29:54 | Build | Stone Wall |
| 29:57 | Build | Farm |
| 30:00 | Create | Villager (Male) |
| 30:00 | Create | Villager (Male) |
| 30:01 | Create | Villager (Male) |
| 30:37 | Create | Villager (Male) |
| 30:37 | Create | Villager (Male) |
| 30:48 | Build | Town Center |
| 31:11 | Build | Mill |
| 32:19 | Create | Villager (Male) |
| 32:19 | Create | Villager (Male) |
| 32:19 | Create | Villager (Male) |
| 32:20 | Create | Villager (Male) |
| 32:20 | Create | Villager (Male) |
| 32:23 | Create | Villager (Male) |
| 32:24 | Create | Villager (Male) |
| 32:24 | Create | Villager (Male) |
| 33:02 | Build | House |
| 33:59 | Build | Stone Wall |
| 35:02 | Build | Barracks |
| 35:26 | Build | Farm |
| 35:34 | Research | Pikeman (upgrade) |
| 35:35 | Research | Squires |
| 35:36 | Create | Spearman |
Build order — Shulk
First 150 of 560 actions detected
| 0:10 | Build | Town Center |
| 1:28 | Build | House |
| 2:14 | Create | Villager (Male) |
| 2:15 | Create | Villager (Male) |
| 2:15 | Create | Villager (Male) |
| 2:16 | Create | Villager (Male) |
| 3:12 | Build | Lumber Camp |
| 3:14 | Create | Villager (Male) |
| 3:14 | Create | Villager (Male) |
| 3:30 | Create | Villager (Male) |
| 3:30 | Create | Villager (Male) |
| 4:16 | Create | Villager (Male) |
| 4:16 | Create | Villager (Male) |
| 4:28 | Build | House |
| 4:42 | Create | Villager (Male) |
| 4:43 | Create | Villager (Male) |
| 5:08 | Build | Mill |
| 5:19 | Create | Villager (Male) |
| 5:20 | Create | Villager (Male) |
| 5:53 | Create | Villager (Male) |
| 6:04 | Create | Villager (Male) |
| 6:04 | Create | Villager (Male) |
| 6:18 | Build | House |
| 6:25 | Create | Villager (Male) |
| 7:01 | Build | Palisade Wall |
| 7:16 | Create | Villager (Male) |
| 7:17 | Create | Villager (Male) |
| 7:18 | Create | Villager (Male) |
| 8:05 | Research | Loom |
| 8:31 | Research | Feudal Age |
| 8:32 | Research | Feudal Age |
| 9:16 | Build | House |
| 9:20 | Build | Barracks |
| 10:41 | Age | Feudal Age |
| 10:45 | Create | Villager (Male) |
| 10:45 | Create | Villager (Male) |
| 10:48 | Build | Stable |
| 10:49 | Research | Double-Bit Axe |
| 11:05 | Build | Mill |
| 11:06 | Create | Villager (Male) |
| 11:31 | Create | Scout Cavalry |
| 11:31 | Create | Scout Cavalry |
| 11:32 | Create | Villager (Male) |
| 11:37 | Create | Villager (Male) |
| 11:52 | Create | Villager (Male) |
| 12:04 | Build | Stable |
| 12:09 | Create | Villager (Male) |
| 12:20 | Create | Scout Cavalry |
| 12:21 | Create | Villager (Male) |
| 12:23 | Build | House |
| 12:24 | Build | House |
| 12:25 | Build | Palisade Wall |
| 12:44 | Build | Mining Camp |
| 12:48 | Create | Scout Cavalry |
| 12:54 | Create | Villager (Male) |
| 12:54 | Create | Villager (Male) |
| 13:11 | Create | Villager (Male) |
| 13:31 | Create | Villager (Male) |
| 13:38 | Create | Scout Cavalry |
| 13:38 | Create | Scout Cavalry |
| 13:56 | Create | Villager (Male) |
| 14:01 | Create | Villager (Male) |
| 14:03 | Create | Villager (Male) |
| 14:03 | Create | Villager (Male) |
| 14:05 | Build | Mill |
| 14:13 | Build | House |
| 14:20 | Create | Scout Cavalry |
| 14:20 | Create | Scout Cavalry |
| 14:20 | Create | Scout Cavalry |
| 14:44 | Create | Scout Cavalry |
| 14:44 | Create | Scout Cavalry |
| 14:46 | Create | Villager (Male) |
| 14:46 | Create | Villager (Male) |
| 14:53 | Build | Mill |
| 15:22 | Create | Scout Cavalry |
| 15:22 | Create | Scout Cavalry |
| 15:42 | Create | Villager (Male) |
| 15:53 | Create | Villager (Male) |
| 15:57 | Build | Blacksmith |
| 16:23 | Create | Villager (Male) |
| 16:28 | Research | Bloodlines |
| 16:28 | Research | Bloodlines |
| 16:30 | Create | Villager (Male) |
| 16:49 | Build | Farm |
| 16:49 | Create | Villager (Male) |
| 16:50 | Build | Farm |
| 16:51 | Build | Farm |
| 17:01 | Build | Farm |
| 17:07 | Create | Scout Cavalry |
| 17:07 | Create | Scout Cavalry |
| 17:20 | Create | Villager (Male) |
| 17:22 | Build | Farm |
| 17:30 | Build | House |
| 17:35 | Build | House |
| 17:36 | Build | House |
| 17:44 | Create | Villager (Male) |
| 17:49 | Build | House |
| 17:51 | Create | Villager (Male) |
| 17:53 | Build | Mill |
| 17:55 | Build | Mill |
| 18:16 | Create | Villager (Male) |
| 18:31 | Build | Farm |
| 18:31 | Create | Villager (Male) |
| 18:42 | Create | Scout Cavalry |
| 18:42 | Create | Scout Cavalry |
| 18:42 | Create | Scout Cavalry |
| 18:50 | Create | Villager (Male) |
| 19:03 | Build | Farm |
| 19:03 | Build | Farm |
| 19:04 | Build | Farm |
| 19:09 | Create | Villager (Male) |
| 19:14 | Create | Scout Cavalry |
| 19:14 | Create | Scout Cavalry |
| 19:24 | Create | Villager (Male) |
| 19:31 | Build | Mining Camp |
| 19:45 | Create | Scout Cavalry |
| 19:46 | Create | Villager (Male) |
| 19:48 | Create | Villager (Male) |
| 19:51 | Research | Wheelbarrow |
| 19:51 | Research | Wheelbarrow |
| 19:55 | Build | Palisade Wall |
| 19:56 | Build | Palisade Wall |
| 20:04 | Create | Villager (Male) |
| 20:09 | Build | Palisade Wall |
| 20:11 | Build | Palisade Wall |
| 20:12 | Build | Palisade Wall |
| 20:20 | Create | Scout Cavalry |
| 20:20 | Create | Scout Cavalry |
| 20:21 | Create | Villager (Male) |
| 20:26 | Build | Mining Camp |
| 20:32 | Create | Villager (Male) |
| 20:44 | Build | Palisade Wall |
| 20:47 | Build | Palisade Wall |
| 20:55 | Build | House |
| 21:11 | Create | Villager (Male) |
| 21:21 | Create | Villager (Male) |
| 21:45 | Build | Palisade Wall |
| 21:58 | Build | Palisade Gate |
| 22:12 | Build | Farm |
| 22:23 | Build | Palisade Wall |
| 22:34 | Build | Lumber Camp |
| 22:57 | Research | Castle Age |
| 23:30 | Research | Scale Barding Armor |
| 23:30 | Research | Scale Barding Armor |
| 23:39 | Build | Palisade Wall |
| 23:57 | Create | Scout Cavalry |
| 23:58 | Create | Scout Cavalry |
| 23:58 | Build | Stable |
| 24:03 | Build | Farm |
| 24:28 | Create | Scout Cavalry |
Match timeline
| 1:59 | TAG_Sitaux · wall_segment Palisade Wall x1 |
| 2:08 | TAG_Sitaux · wall_segment Palisade Wall x1 |
| 2:08 | TAG_Sitaux · wall_segment Palisade Wall x1 |
| 2:11 | TAG_Sitaux · wall_segment Palisade Wall x1 |
| 2:12 | TAG_Sitaux · wall_segment Palisade Wall x1 |
| 4:20 | Guiik · wall_segment Palisade Wall x1 |
| 5:29 | TAG_Sitaux · wall_segment Palisade Wall x6 |
| 6:29 | TAG_Sitaux · wall_segment Palisade Wall x1 |
| 7:01 | Shulk · wall_segment Palisade Wall x1 |
| 7:40 | TL_Bad Koala · wall_segment Palisade Wall x6 |
| 9:20 | Shulk · first_building Barracks |
| 9:43 | TL_Bad Koala · wall_segment Palisade Wall x3 |
| 9:57 | TL_Bad Koala · wall_segment Palisade Wall x4 |
| 10:01 | TL_Bad Koala · wall_segment Palisade Wall x1 |
| 10:02 | TL_Bad Koala · wall_segment Palisade Wall x1 |
| 10:04 | TL_Bad Koala · wall_segment Palisade Wall x8 |
| 10:07 | Tointoin · wall_segment Palisade Wall x4 |
| 10:09 | Guiik · first_building Barracks |
| 10:23 | 酒酿樱桃子 · wall_segment Palisade Wall x1 |
| 10:41 | Shulk · age_up feudal |
| 10:48 | Shulk · first_building Stable |
| 10:58 | Guiik · age_up feudal |
| 11:03 | _EMA_002 · first_building Barracks |
| 11:07 | Guiik · first_building Stable |
| 11:38 | TAG_Sitaux · age_up feudal |
| 11:41 | Tointoin · first_building Barracks |
| 11:42 | TAG_Sitaux · first_building Archery Range |
| 11:49 | TL_Bad Koala · wall_segment Palisade Wall x5 |
| 11:52 | _EMA_002 · wall_segment Palisade Wall x1 |
| 11:54 | TL_Bad Koala · wall_segment Palisade Wall x7 |
| 11:54 | _EMA_002 · wall_segment Palisade Wall x1 |
| 11:56 | _EMA_002 · wall_segment Palisade Wall x1 |
| 12:09 | 3046964519 · first_building Barracks |
| 12:12 | Tointoin · wall_segment Palisade Wall x4 |
| 12:14 | Tointoin · wall_segment Palisade Wall x3 |
| 12:25 | Shulk · wall_segment Palisade Wall x5 |
| 12:29 | _EMA_002 · wall_segment Palisade Wall x12 |
| 12:30 | TL_Bad Koala · wall_segment Palisade Wall x1 |
| 12:32 | TL_Bad Koala · wall_segment Palisade Wall x1 |
| 12:38 | TL_Bad Koala · age_up feudal |
| 13:33 | _EMA_002 · age_up feudal |
| 13:38 | 3046964519 · wall_segment Palisade Wall x1 |
| 13:40 | _EMA_002 · wall_segment Palisade Wall x1 |
| 13:41 | 3046964519 · wall_segment Palisade Wall x1 |
| 13:41 | _EMA_002 · wall_segment Palisade Wall x1 |
| 13:43 | 3046964519 · wall_segment Palisade Wall x1 |
| 13:46 | Tointoin · age_up feudal |
| 13:46 | 3046964519 · age_up feudal |
| 13:48 | _EMA_002 · wall_segment Palisade Wall x4 |
| 13:49 | 3046964519 · first_building Archery Range |
| 13:52 | _EMA_002 · wall_segment Palisade Wall x1 |
| 13:54 | _EMA_002 · wall_segment Palisade Wall x1 |
| 13:55 | _EMA_002 · wall_segment Palisade Wall x1 |
| 13:56 | _EMA_002 · wall_segment Palisade Wall x1 |
| 14:17 | 酒酿樱桃子 · age_up feudal |
| 14:25 | _EMA_002 · wall_segment Stone Wall x4 |
| 14:31 | TAG_Sitaux · wall_segment Palisade Wall x1 |
| 14:31 | TAG_Sitaux · wall_segment Palisade Wall x1 |
| 14:53 | _EMA_002 · wall_segment Stone Wall x1 |
| 15:14 | 酒酿樱桃子 · tribute_sent a jugador 1 |
| 15:14 | 酒酿樱桃子 · tribute_sent a jugador 2 |
| 15:14 | 酒酿樱桃子 · tribute_sent a jugador 3 |
| 15:14 | 酒酿樱桃子 · tribute_sent a jugador 4 |
| 15:14 | 酒酿樱桃子 · tribute_sent a jugador 5 |
| 15:14 | 酒酿樱桃子 · tribute_sent a jugador 6 |
| 15:14 | 酒酿樱桃子 · tribute_sent a jugador 8 |
| 15:25 | TAG_Sitaux · wall_segment Palisade Wall x1 |
| 15:26 | TAG_Sitaux · wall_segment Palisade Wall x1 |
| 15:32 | _EMA_002 · wall_segment Palisade Wall x1 |
| 15:33 | _EMA_002 · wall_segment Palisade Wall x1 |
| 15:34 | _EMA_002 · wall_segment Palisade Wall x1 |
| 15:36 | 3046964519 · wall_segment Palisade Wall x1 |
| 15:37 | 3046964519 · wall_segment Palisade Wall x1 |
| 15:39 | 3046964519 · wall_segment Palisade Wall x1 |
| 15:39 | _EMA_002 · wall_segment Palisade Wall x1 |
| 15:40 | _EMA_002 · wall_segment Palisade Wall x1 |
| 15:42 | 3046964519 · wall_segment Palisade Wall x1 |
| 15:42 | 酒酿樱桃子 · tribute_sent a jugador 1 |
| 15:42 | 酒酿樱桃子 · tribute_sent a jugador 2 |
| 15:42 | 酒酿樱桃子 · tribute_sent a jugador 3 |
| 15:42 | 酒酿樱桃子 · tribute_sent a jugador 4 |
| 15:42 | 酒酿樱桃子 · tribute_sent a jugador 5 |
| 15:42 | 酒酿樱桃子 · tribute_sent a jugador 6 |
| 15:42 | 酒酿樱桃子 · tribute_sent a jugador 8 |
| 15:49 | TAG_Sitaux · wall_segment Palisade Wall x1 |
| 15:50 | TAG_Sitaux · wall_segment Palisade Wall x1 |
| 15:52 | TAG_Sitaux · wall_segment Palisade Wall x5 |
| 15:53 | TAG_Sitaux · wall_segment Palisade Wall x3 |
| 15:56 | 酒酿樱桃子 · tribute_sent a jugador 1 |
| 15:56 | 酒酿樱桃子 · tribute_sent a jugador 2 |
| 15:56 | 酒酿樱桃子 · tribute_sent a jugador 3 |
| 15:56 | 酒酿樱桃子 · tribute_sent a jugador 4 |
| 15:56 | 酒酿樱桃子 · tribute_sent a jugador 5 |
| 15:56 | 酒酿樱桃子 · tribute_sent a jugador 6 |
| 15:56 | 酒酿樱桃子 · tribute_sent a jugador 8 |
| 16:27 | _EMA_002 · wall_segment Palisade Wall x1 |
| 16:29 | _EMA_002 · wall_segment Palisade Wall x1 |
| 16:30 | 酒酿樱桃子 · wall_segment Stone Wall x4 |
| 16:31 | _EMA_002 · wall_segment Palisade Wall x1 |
| 16:32 | _EMA_002 · wall_segment Palisade Wall x1 |
| 16:37 | _EMA_002 · wall_segment Palisade Wall x1 |
| 16:38 | _EMA_002 · wall_segment Palisade Wall x1 |
| 16:40 | _EMA_002 · wall_segment Palisade Wall x1 |
| 16:42 | 酒酿樱桃子 · wall_segment Stone Wall x5 |
| 16:42 | _EMA_002 · wall_segment Palisade Wall x1 |
| 16:43 | TL_Bad Koala · first_market_buy 100 stone |
| 16:46 | _EMA_002 · wall_segment Palisade Wall x1 |
| 16:47 | _EMA_002 · wall_segment Palisade Wall x1 |
| 16:48 | 酒酿樱桃子 · tribute_sent a jugador 1 |
| 16:48 | 酒酿樱桃子 · tribute_sent a jugador 2 |
| 16:48 | 酒酿樱桃子 · tribute_sent a jugador 3 |
| 16:48 | 酒酿樱桃子 · tribute_sent a jugador 4 |
| 16:48 | 酒酿樱桃子 · tribute_sent a jugador 5 |
| 16:48 | 酒酿樱桃子 · tribute_sent a jugador 6 |
| 16:48 | 酒酿樱桃子 · tribute_sent a jugador 8 |
| 16:53 | TL_Bad Koala · age_up castle |
| 16:57 | 3046964519 · age_up castle |
| 17:01 | TL_Bad Koala · first_building Castle |
| 17:04 | _EMA_002 · wall_segment Palisade Wall x1 |
| 17:10 | 酒酿樱桃子 · tribute_sent a jugador 1 |
| 17:10 | 酒酿樱桃子 · tribute_sent a jugador 2 |
| 17:10 | 酒酿樱桃子 · tribute_sent a jugador 3 |
| 17:10 | 酒酿樱桃子 · tribute_sent a jugador 4 |
| 17:10 | 酒酿樱桃子 · tribute_sent a jugador 5 |
| 17:10 | 酒酿樱桃子 · tribute_sent a jugador 6 |
| 17:10 | 酒酿樱桃子 · tribute_sent a jugador 8 |
| 17:16 | TL_Bad Koala · wall_segment Palisade Wall x1 |
| 17:26 | Tointoin · age_up castle |
| 17:35 | _EMA_002 · wall_segment Palisade Wall x2 |
| 17:38 | TAG_Sitaux · wall_segment Palisade Wall x2 |
| 17:40 | 酒酿樱桃子 · tribute_sent a jugador 1 |
| 17:40 | 酒酿樱桃子 · tribute_sent a jugador 2 |
| 17:40 | 酒酿樱桃子 · tribute_sent a jugador 3 |
| 17:40 | 酒酿樱桃子 · tribute_sent a jugador 4 |
| 17:40 | 酒酿樱桃子 · tribute_sent a jugador 5 |
| 17:40 | 酒酿樱桃子 · tribute_sent a jugador 6 |
| 17:40 | 酒酿樱桃子 · tribute_sent a jugador 8 |
| 17:43 | TAG_Sitaux · wall_segment Palisade Wall x1 |
| 17:49 | TAG_Sitaux · wall_segment Palisade Wall x4 |
| 17:52 | Tointoin · first_market_buy 100 wood |
| 17:54 | Tointoin · first_building Monastery |
| 18:03 | TAG_Sitaux · wall_segment Palisade Wall x4 |
| 18:12 | _EMA_002 · first_market_buy 100 stone |
| 18:25 | _EMA_002 · wall_segment Stone Wall x1 |
| 18:32 | _EMA_002 · wall_segment Stone Wall x1 |
| 18:35 | _EMA_002 · wall_segment Stone Wall x1 |
| 18:36 | _EMA_002 · wall_segment Stone Wall x1 |
| 18:44 | TAG_Sitaux · wall_segment Palisade Wall x5 |
| 18:48 | TAG_Sitaux · wall_segment Palisade Wall x5 |
| 18:54 | 酒酿樱桃子 · wall_segment Stone Wall x1 |
| 18:55 | _EMA_002 · age_up castle |
| 19:01 | _EMA_002 · first_market_sell 100 wood |
| 19:08 | 酒酿樱桃子 · wall_segment Stone Wall x5 |
| 19:08 | _EMA_002 · first_building Castle |
| 19:26 | _EMA_002 · wall_segment Palisade Wall x1 |
| 19:27 | TAG_Sitaux · wall_segment Stone Wall x4 |
| 19:29 | TL_Bad Koala · first_building Siege Workshop |
| 19:37 | 酒酿樱桃子 · wall_segment Stone Wall x1 |
| 19:55 | Shulk · wall_segment Palisade Wall x7 |
| 19:56 | Shulk · wall_segment Palisade Wall x7 |
| 20:09 | Shulk · wall_segment Palisade Wall x3 |
| 20:11 | Shulk · wall_segment Palisade Wall x1 |
| 20:12 | Shulk · wall_segment Palisade Wall x2 |
| 20:16 | TAG_Sitaux · wall_segment Stone Wall x1 |
| 20:20 | TAG_Sitaux · wall_segment Stone Wall x2 |
| 20:20 | TAG_Sitaux · wall_segment Stone Wall x1 |
| 20:25 | TAG_Sitaux · wall_segment Stone Wall x3 |
| 20:26 | TAG_Sitaux · wall_segment Stone Wall x3 |
| 20:32 | TAG_Sitaux · wall_segment Stone Wall x4 |
| 20:44 | Shulk · wall_segment Palisade Wall x7 |
| 20:47 | Shulk · wall_segment Palisade Wall x12 |
| 20:48 | _EMA_002 · wall_segment Palisade Wall x1 |
| 20:50 | 酒酿樱桃子 · wall_segment Stone Wall x15 |
| 20:51 | _EMA_002 · wall_segment Palisade Wall x1 |
| 21:10 | Tointoin · first_building Stable |
| 21:34 | Guiik · first_market_sell 100 food |
| 21:45 | Shulk · wall_segment Palisade Wall x14 |
| 21:59 | TAG_Sitaux · first_building Barracks |
| 22:23 | Shulk · wall_segment Palisade Wall x5 |
| 22:35 | 3046964519 · first_building Stable |
| 22:48 | TAG_Sitaux · wall_segment Stone Wall x1 |
| 22:55 | Guiik · wall_segment Palisade Wall x1 |
| 22:58 | Guiik · first_market_buy 100 wood |
| 22:59 | 酒酿樱桃子 · first_market_sell 100 stone |
| 23:39 | Shulk · wall_segment Palisade Wall x1 |
| 24:01 | 酒酿樱桃子 · wall_segment Stone Wall x15 |
| 24:03 | TAG_Sitaux · wall_segment Stone Wall x1 |
| 25:29 | Tointoin · tribute_sent a jugador 1 |
| 25:29 | Tointoin · tribute_sent a jugador 2 |
| 25:29 | Tointoin · tribute_sent a jugador 3 |
| 25:29 | Tointoin · tribute_sent a jugador 5 |
| 25:29 | Tointoin · tribute_sent a jugador 6 |
| 25:29 | Tointoin · tribute_sent a jugador 7 |
| 25:29 | Tointoin · tribute_sent a jugador 8 |
| 25:37 | Shulk · age_up castle |
| 25:41 | Tointoin · first_building Castle |
| 25:53 | Shulk · first_building Castle |
| 25:58 | 酒酿樱桃子 · first_market_buy 100 stone |
| 26:08 | Tointoin · first_building Siege Workshop |
| 26:36 | 酒酿樱桃子 · wall_segment Stone Wall x8 |
| 27:32 | Shulk · wall_segment Stone Wall x6 |
| 27:35 | 酒酿樱桃子 · age_up castle |
| 27:52 | Shulk · wall_segment Stone Wall x1 |
| 27:55 | Shulk · wall_segment Stone Wall x1 |
| 28:00 | Shulk · wall_segment Stone Wall x2 |
| 28:01 | Tointoin · first_market_sell 100 wood |
| 28:07 | Shulk · wall_segment Stone Wall x1 |
| 28:56 | Shulk · first_building Siege Workshop |
| 29:54 | 酒酿樱桃子 · wall_segment Stone Wall x4 |
| 29:57 | Shulk · wall_segment Stone Wall x1 |
| 30:39 | TL_Bad Koala · first_market_sell 100 wood |
| 31:50 | Shulk · first_market_sell 100 wood |
| 31:51 | Shulk · first_market_buy 100 stone |
| 32:46 | Tointoin · wall_segment Stone Wall x1 |
| 33:07 | TAG_Sitaux · age_up castle |
| 33:59 | 酒酿樱桃子 · wall_segment Stone Wall x1 |
| 34:56 | TAG_Sitaux · first_market_buy 100 stone |
| 35:02 | 酒酿樱桃子 · first_building Barracks |
| 36:16 | Guiik · wall_segment Palisade Wall x1 |
| 36:18 | Tointoin · wall_segment Palisade Wall x1 |
| 36:55 | TL_Bad Koala · first_building Barracks |
| 36:57 | _EMA_002 · first_building Stable |
| 37:50 | TL_Bad Koala · first_building Stable |
| 38:17 | Tointoin · age_up imperial |
| 39:02 | 3046964519 · wall_segment Stone Wall x1 |
| 39:02 | 3046964519 · wall_segment Stone Wall x1 |
| 39:03 | 3046964519 · wall_segment Stone Wall x1 |
| 39:06 | 3046964519 · wall_segment Stone Wall x2 |
| 39:28 | 3046964519 · first_building Castle |
| 39:56 | 酒酿樱桃子 · first_building Castle |
| 40:37 | TL_Bad Koala · wall_segment Stone Wall x1 |
| 40:38 | TL_Bad Koala · wall_segment Stone Wall x1 |
| 40:41 | TL_Bad Koala · wall_segment Stone Wall x1 |
| 40:42 | TL_Bad Koala · wall_segment Stone Wall x1 |
| 40:45 | TL_Bad Koala · wall_segment Stone Wall x1 |
| 40:55 | _EMA_002 · wall_segment Stone Wall x1 |
| 40:56 | _EMA_002 · wall_segment Stone Wall x1 |
| 41:30 | TAG_Sitaux · wall_segment Palisade Wall x1 |
| 41:31 | TAG_Sitaux · wall_segment Palisade Wall x1 |
| 41:33 | TAG_Sitaux · wall_segment Palisade Wall x2 |
| 41:36 | TAG_Sitaux · wall_segment Palisade Wall x1 |
| 42:09 | TAG_Sitaux · tribute_sent a jugador 1 |
| 42:09 | TAG_Sitaux · tribute_sent a jugador 3 |
| 42:09 | TAG_Sitaux · tribute_sent a jugador 4 |
| 42:09 | TAG_Sitaux · tribute_sent a jugador 5 |
| 42:09 | TAG_Sitaux · tribute_sent a jugador 6 |
| 42:09 | TAG_Sitaux · tribute_sent a jugador 7 |
| 42:09 | TAG_Sitaux · tribute_sent a jugador 8 |
| 42:14 | 酒酿樱桃子 · first_building Monastery |
| 42:22 | 酒酿樱桃子 · wall_segment Stone Wall x1 |
| 43:17 | TAG_Sitaux · tribute_sent a jugador 1 |
| 43:17 | TAG_Sitaux · tribute_sent a jugador 3 |
| 43:17 | TAG_Sitaux · tribute_sent a jugador 4 |
| 43:17 | TAG_Sitaux · tribute_sent a jugador 5 |
| 43:17 | TAG_Sitaux · tribute_sent a jugador 6 |
| 43:17 | TAG_Sitaux · tribute_sent a jugador 7 |
| 43:17 | TAG_Sitaux · tribute_sent a jugador 8 |
| 43:31 | Tointoin · first_building Archery Range |
| 44:10 | Guiik · first_building Archery Range |
| 44:13 | TAG_Sitaux · tribute_sent a jugador 1 |
| 44:13 | TAG_Sitaux · tribute_sent a jugador 3 |
| 44:13 | TAG_Sitaux · tribute_sent a jugador 4 |
| 44:13 | TAG_Sitaux · tribute_sent a jugador 5 |
| 44:13 | TAG_Sitaux · tribute_sent a jugador 6 |
| 44:13 | TAG_Sitaux · tribute_sent a jugador 7 |
| 44:13 | TAG_Sitaux · tribute_sent a jugador 8 |
| 44:24 | Shulk · first_building Archery Range |
| 44:30 | _EMA_002 · first_building Archery Range |
| 44:55 | Guiik · age_up castle |
| 44:58 | TAG_Sitaux · tribute_sent a jugador 1 |
| 44:58 | TAG_Sitaux · tribute_sent a jugador 3 |
| 44:58 | TAG_Sitaux · tribute_sent a jugador 4 |
| 44:58 | TAG_Sitaux · tribute_sent a jugador 5 |
| 44:58 | TAG_Sitaux · tribute_sent a jugador 6 |
| 44:58 | TAG_Sitaux · tribute_sent a jugador 7 |
| 44:58 | TAG_Sitaux · tribute_sent a jugador 8 |
| 45:57 | 酒酿樱桃子 · first_building Stable |
| 45:59 | TAG_Sitaux · tribute_sent a jugador 1 |
| 45:59 | TAG_Sitaux · tribute_sent a jugador 3 |
| 45:59 | TAG_Sitaux · tribute_sent a jugador 4 |
| 45:59 | TAG_Sitaux · tribute_sent a jugador 5 |
| 45:59 | TAG_Sitaux · tribute_sent a jugador 6 |
| 45:59 | TAG_Sitaux · tribute_sent a jugador 7 |
| 45:59 | TAG_Sitaux · tribute_sent a jugador 8 |
| 46:24 | 3046964519 · age_up imperial |
| 47:03 | TAG_Sitaux · tribute_sent a jugador 1 |
| 47:03 | TAG_Sitaux · tribute_sent a jugador 3 |
| 47:03 | TAG_Sitaux · tribute_sent a jugador 4 |
| 47:03 | TAG_Sitaux · tribute_sent a jugador 5 |
| 47:03 | TAG_Sitaux · tribute_sent a jugador 6 |
| 47:03 | TAG_Sitaux · tribute_sent a jugador 7 |
| 47:03 | TAG_Sitaux · tribute_sent a jugador 8 |
| 47:12 | _EMA_002 · age_up imperial |
| 47:13 | TAG_Sitaux · first_market_sell 100 food |
| 47:29 | TAG_Sitaux · tribute_sent a jugador 1 |
| 47:29 | TAG_Sitaux · tribute_sent a jugador 3 |
| 47:29 | TAG_Sitaux · tribute_sent a jugador 4 |
| 47:29 | TAG_Sitaux · tribute_sent a jugador 5 |
| 47:29 | TAG_Sitaux · tribute_sent a jugador 6 |
| 47:29 | TAG_Sitaux · tribute_sent a jugador 7 |
| 47:29 | TAG_Sitaux · tribute_sent a jugador 8 |
| 47:37 | 酒酿樱桃子 · age_up imperial |
| 47:58 | Shulk · age_up imperial |
| 47:59 | TAG_Sitaux · tribute_sent a jugador 1 |
| 47:59 | TAG_Sitaux · tribute_sent a jugador 3 |
| 47:59 | TAG_Sitaux · tribute_sent a jugador 4 |
| 47:59 | TAG_Sitaux · tribute_sent a jugador 5 |
| 47:59 | TAG_Sitaux · tribute_sent a jugador 6 |
| 47:59 | TAG_Sitaux · tribute_sent a jugador 7 |
| 47:59 | TAG_Sitaux · tribute_sent a jugador 8 |
| 48:14 | Guiik · wall_segment Palisade Wall x1 |
| 48:15 | Guiik · wall_segment Palisade Wall x1 |
| 48:31 | TAG_Sitaux · tribute_sent a jugador 1 |
| 48:31 | TAG_Sitaux · tribute_sent a jugador 3 |
| 48:31 | TAG_Sitaux · tribute_sent a jugador 4 |
| 48:31 | TAG_Sitaux · tribute_sent a jugador 5 |
| 48:31 | TAG_Sitaux · tribute_sent a jugador 6 |
| 48:31 | TAG_Sitaux · tribute_sent a jugador 7 |
| 48:31 | TAG_Sitaux · tribute_sent a jugador 8 |
| 48:57 | TAG_Sitaux · tribute_sent a jugador 1 |
| 48:57 | TAG_Sitaux · tribute_sent a jugador 3 |
| 48:57 | TAG_Sitaux · tribute_sent a jugador 4 |
| 48:57 | TAG_Sitaux · tribute_sent a jugador 5 |
| 48:58 | TAG_Sitaux · tribute_sent a jugador 6 |
| 48:58 | TAG_Sitaux · tribute_sent a jugador 7 |
| 48:58 | TAG_Sitaux · tribute_sent a jugador 8 |
| 49:47 | Tointoin · resign |
| 49:48 | TL_Bad Koala · first_building Archery Range |
[ AI ANALYSIS · 1 CREDIT ]
What really happened in this match?
Wolo.gg analyzes every decision: build order, eco, micro, common mistakes by bracket. Personalized analysis on WhatsApp or Discord in 30 seconds.
Civ guide
Gurjaras
Perfil
Tointoin